 Dungeon Crawl Stone Soup version 0.31-a0-229-g1fc7ce93e2 (webtiles) character file.

Game seed: 999030815648486167

30 qw the Shooter (level 3, 0/21 HPs)
             Began as a Gargoyle Hexslinger on July 6, 2023.
             Slain by a jackal (2 damage)
             ... on level 1 of the Dungeon.
             The game lasted 00:00:19 (983 turns).

qw the Shooter (Gargoyle Hexslinger)                 Turns: 983, Time: 00:00:20

Health: 0/21       AC:  8    Str: 11    XL:     3   Next: 20%
Magic:  4/4        EV: 10    Int: 13    God:
Gold:   31         SH:  0    Dex: 14    Spells: 3/4 levels left

rFire   . . .        Y - +1 sling
rCold   . . .        (no shield)
rNeg    + . .        f - +0 ring mail
rPois   inf          (no helmet)
rElec   +            (no cloak)
rCorr   .            (no gloves)
SInv    .            (no boots)
Will    .....        (no amulet)
Stlth   +            (no ring)
HPRegen 0.23/turn    (no ring)
MPRegen 0.09/turn

%: no passive effects
@: no status effects
A: sickness immunity, AC +3, negative energy resistance 1, electricity
resistance, torment resistance 1, petrification resistance
a: no special abilities


You were on level 1 of the Dungeon.
You visited 1 branch of the dungeon, and saw 2 of its levels.

You collected 31 gold pieces.


Innate Abilities, Weirdness & Mutations

You are immune to sickness and miasma.
Your stone body is resilient. (AC +3)
You are immune to poison.
You resist negative energy. (rN+)
You are resistant to electric shocks. (rElec)
You are resistant to unholy torment.
You are immune to petrification.


   Skills:
 - Level 2.0 Fighting
 + Level 3.2 Ranged Weapons
 - Level 1.5 Dodging
 - Level 1.0 Spellcasting
 - Level 2.6 Hexes


You had 3 spell levels left.
You knew the following spells:

 Your Spells              Type           Power      Damage    Failure   Level
a - Slow                  Hex            28%        N/A       22%         1

Your spell library contained the following spells:

 Spells                   Type           Power      Damage    Failure   Level
 Inner Flame              Hex/Fire       4%         N/A       75%         3
 Portal Projectile        Hex/Tloc       8%         N/A       75%         3
 Cause Fear               Hex            3%         N/A       92%         4

Inventory:

Hand Weapons
 Y - a +1 sling (weapon)
Armour
 f - a +0 ring mail (worn)
Potions
 g - a potion of lignification {unknown}

Dungeon Overview and Level Annotations

Branches:
Dungeon (2/15)

Altars:


Message History

The jackal bites you but does no damage.
The jackal misses you. The jackal closely misses you. x2
You shoot a sling bullet.
The sling bullet completely misses the jackal.
The jackal misses you. The jackal barely misses you.
The jackal closely misses you.
The jackal bites you but does no damage.
The jackal bites you. The jackal closely misses you.
You shoot a sling bullet.
The sling bullet hits the jackal but does no damage.
The jackal is severely wounded.
The jackal closely misses you. The jackal misses you.
The jackal bites you but does no damage. x3
The jackal bites you.
You shoot a sling bullet.
The sling bullet barely misses the jackal.
The jackal misses you. The jackal barely misses you.
The jackal closely misses you. The jackal misses you.
The jackal barely misses you. x2
You shoot a sling bullet. The sling bullet hits the jackal.
The jackal is almost dead.
The jackal misses you. The jackal closely misses you.
The jackal barely misses you. The jackal closely misses you.
The jackal misses you.
The jackal bites you but does no damage.
You shoot a sling bullet.
The sling bullet closely misses the jackal.
The jackal completely misses you. The jackal bites you.
The jackal bites you but does no damage. x3
The jackal barely misses you.
You shoot a sling bullet. The sling bullet hits the jackal.
The jackal is almost dead.
The jackal closely misses you. The jackal barely misses you.
The jackal closely misses you. The jackal barely misses you.
The jackal bites you but does no damage.
The jackal closely misses you.
You shoot a sling bullet.
The sling bullet barely misses the jackal.
The jackal barely misses you. The jackal bites you.
You die...

########## #.........
######### #.........
#.......###.%.......
#.......'.'.........
#.......###.........
###...h...###.........
#.'.h@h...+...#'######
#.#.......###.#.#
####.#.............#
#....#.............#
#.####.......#.....#
#.#
#.........##.#######
#.# #............#
#.... #.#
#....###..#### #....
#.# #....# #..# #....


You could see 3 jackals.

Vanquished Creatures
  A bat (D:1)
  6 endoplasms
  A goblin (D:1)
  4 hobgoblins (D:1)
  6 jackals (D:1)
  2 ball pythons (D:1)
  2 frilled lizards (D:1)
  A kobold (D:1)
  2 rats (D:1)
25 creatures vanquished.

Notes
Turn   | Place    | Note
-------+----------+-------------------------------------------
     0 | D:1      | qw the Gargoyle Hexslinger began the quest for the Orb.
     0 | D:1      | Reached XP level 1. HP: 12/12 MP: 2/2
     0 | D:1      | 0 ||| qw: Version: 0.3-a-46-gb1f654a
     0 | D:1      | 0 ||| qw: Game counter: 1520
     0 | D:1      | 0 ||| qw: Melee chars always use a shield: true
     0 | D:1      | 0 ||| qw: God list: Okawaru
     0 | D:1      | 0 ||| qw: Allow faded altars: false
     0 | D:1      | 0 ||| qw: Do Orc after clearing Dungeon:15 true
     0 | D:1      | 0 ||| qw: Do second Lair branch before Depths: true
     0 | D:1      | 0 ||| qw: Lair rune preference: random
     0 | D:1      | 0 ||| qw: Goals: Normal
     0 | D:1      | 0 ||| PLANNING D:1-11
   362 | D:1      | Reached XP level 2. HP: 16/16 MP: 3/3
   522 | D:1      | Reached skill level 3 in Ranged Weapons
   644 | D:1      | Reached XP level 3. HP: 21/21 MP: 4/4
   903 | D:1      | 903 ||| UPGRADING to +0 leather armour.
   913 | D:1      | 913 ||| DROPPING +0 robe.
   914 | D:1      | 914 ||| UPGRADING to +0 ring mail.
   924 | D:1      | 924 ||| DROPPING +0 leather armour.
   925 | D:1      | 925 ||| READING scroll labelled KUASED VUGAEPT.
   940 | D:1      | 940 ||| DROPPING scroll of poison.
   967 | D:2      | 967 ||| STAIRDANCE
   975 | D:1      | HP: 4/21 [jackal (2)]
   981 | D:1      | HP: 1/21 [jackal (2)]
   983 | D:1      | Slain by a jackal

Levels and vault maps discovered:
D:1:      denvon_arrival_hothouse, layout_basic
D:2:      layout_rooms, uniq_terence

Skill      XL: |  1  2 |
---------------+-------+-----
Ranged Weapons | 3 |  3.2
Fighting       | 2 |  2.0
Dodging        | |  1.5
Spellcasting   | |  1.0
Hexes          | |  2.6

Action                     || total
---------------------------++-------
   Fire: Sling             ||    90
    Use: Scroll            ||     1
 Armour: Robe              ||    11
         Ring mail         ||    29
  Dodge: Dodged            ||    83

Table legend:
 A = Non-vault XP
 B = Vault XP
 C = Vault XP percentage of total XP
 D = Non-vault monster count
 E = Vault monster count
 F = Vault count percentage of total count
                 A         B        C        D         E       F
            +---------+---------+-------+---------+---------+-------
      Total |      44 |       0 |   0.0 |      25 |       0 |   0.0
            +---------+---------+-------+---------+---------+-------
        D:1 |      42 |       0 |   0.0 |      24 |       0 |   0.0
        D:2 |       2 |       0 |   0.0 |       1 |       0 |   0.0
            +---------+---------+-------+---------+---------+-------
